 Dungeon Crawl Stone Soup version 0.16.1-7-g2c6721e (webtiles) character file.

481 nubinia the Gusty (level 6, 32/32 HPs)
             Began as a High Elf Air Elementalist on Mar 29, 2015.
             Quit the game on level 2 of the Dungeon.
             The game lasted 00:24:05 (5129 turns).

nubinia the Gusty (High Elf Air Elementalist)       Turns: 5129, Time: 00:24:05

Health: 32/32      AC:  4    Str:  5    XL:     6   Next: 87%
Magic:  19/19      EV: 13    Int: 20    God:
Gold:   121        SH:  0    Dex: 17    Spells: 5 memorised, 3 levels left

rFire  . . .     SeeInvis .     e - +0 short sword
rCold  . . .     Clarity  .     a - +0 robe
rNeg   . . .     SustAb   .     (no shield)
rPois  .         Gourm    +     i - +1 helmet
rElec  .         Spirit   .     (no cloak)
rCorr  .         Warding  .     (no gloves)
rMut   .         Stasis   .     r - +0 pair of boots
MR     .....                    m - amulet of the gourmand
Stlth  ++........               (no ring)
                                (no ring)

@: repel missiles, not resistant to hostile enchantments, unstealthy
A: deformed body, deterioration 1, frail 1, sense surroundings 1, weak 1,
MP-powered wands 1
a: no special abilities


You were on level 2 of the Dungeon.
You were very full.

You visited 1 branch of the dungeon, and saw 3 of its levels.
You also visited: Sewer.

You collected 121 gold pieces.

Inventory:

Hand weapons
 e - a +0 short sword (weapon)
Armour
 a - a +0 robe (worn)
 i - a +1 helmet (worn)
 r - a +0 pair of boots (worn)
 y - a +0 cloak
Jewellery
 m - an amulet of the gourmand (around neck)
Scrolls
 d - 3 scrolls of fog
 f - a scroll of remove curse
 g - 4 scrolls of teleportation
 l - a scroll of enchant weapon
 s - a scroll of recharging
 u - a scroll of enchant armour
Potions
 j - a potion of ambrosia
 n - 2 potions of magic
 o - a potion of might
 p - 2 potions of curing
 q - 3 potions of heal wounds
 v - a potion of mutation
 w - a potion of berserk rage
 x - a potion of degeneration
Books
 b - a book of Air

   Spells                             Type                      Level
   a - Shock                          Conjuration/Air              1
   b - Swiftness                      Charms/Air                   2
   c - Repel Missiles                 Charms/Air                   2
   d - Flight                         Charms/Air                   3
   e - Static Discharge               Conjuration/Air              3
   f - Lightning Bolt                 Conjuration/Air              5
Comestibles
 c - 4 bread rations
 h - 2 beef jerkies
 k - 4 meat rations


   Skills:
 + Level 0.2 Short Blades
 + Level 3.0 Dodging
 + Level 2.6 Stealth
 + Level 4.9 Spellcasting
 + Level 4.0 Conjurations
 + Level 0.5 Charms
 + Level 6.0 Air Magic


You had 3 spell levels left.
You knew the following spells:

 Your Spells              Type           Power        Failure   Level  Hunger
a - Shock                 Conj/Air       ####         1%          1    None
b - Repel Missiles        Chrm/Air       ###...       4%          2    #......
c - Swiftness             Chrm/Air       ###.....     4%          2    #......
d - Static Discharge      Conj/Air       ####....     6%          3    ##.....
e - Flight                Chrm/Air       ###.......   10%         3    ##.....


Dungeon Overview and Level Annotations

Branches:
Dungeon (3/15)

Altars:
Gozag
Okawaru

Annotations:
D:2 Sigmund


Innate Abilities, Weirdness & Mutations

Armour fits poorly on your strangely shaped body.
Your body is slowly deteriorating.
You are frail (-10% HP).
You passively map a small area around you.
You are weak. (Str -2)
You expend magic power (3 MP) to slightly strengthen your wands.


Message History

You start to feel a little slower.
You start resting.
You feel sluggish.
You start resting.
You start to feel a little faster.
You start resting.
You no longer feel sluggish.
Drink which item? (? for menu, Esc to quit)
It was a potion of degeneration.
There was something very wrong with that liquid.
You feel dopey.
You start resting.
Magic restored.
Drink which item? (? for menu, Esc to quit)
You feel your intelligence returning.
Drink which item? (? for menu, Esc to quit)
You feel extremely strange.
You feel a strange attunement to the structure of the dungeons.
You feel frail.
You feel yourself wasting away.
Are you sure you want to abandon this character and quit the game? (Confirm with "yes".)

#.####..##
#######.#
#....#
#.......#
♣PP..♣
#....####
♣.P.♣♣
#....####
♣♣.♣♣
####..).#..#
♣.♣♣
...........#
♣♣.♣
#......._..#
♣.♣♣
..##......##
♣♣@♣
####(....##
#.#* #
#....## *...
# #....#
#...# ###..#
#..)# #.##
##### ##.#
#####..#
.......#


There were no monsters in sight!

Vanquished Creatures
  2 giant frogs (Sewer)
  Crazy Yiuf (D:2)
  5 river rats (Sewer)
  10 adders
  4 gnolls (D:3)
  4 giant mites
  2 worms
  9 giant geckos
  An ooze (Sewer)
  2 orcs (D:3)
  13 ball pythons
  6 bats
  6 giant cockroaches
  6 goblins
  7 hobgoblins
  3 jackals (D:3)
  A quokka (D:2)
  4 giant newts
  10 kobolds
  33 rats
  A fungus (D:2)
130 creatures vanquished.

Notes
Turn   | Place    | Note
--------------------------------------------------------------
     0 | D:1      | nubinia, the High Elf Air Elementalist, began the quest for the Orb.
     0 | D:1      | Reached XP level 1. HP: 11/11 MP: 4/4
   353 | D:1      | Reached XP level 2. HP: 9/17 MP: 0/6
   516 | D:1      | Learned a level 2 spell: Repel Missiles
   520 | D:1      | Learned a level 2 spell: Swiftness
   609 | D:1      | Reached skill level 4 in Air Magic
  1516 | D:1      | Reached XP level 3. HP: 21/21 MP: 6/8
  1675 | D:2      | Noticed Sigmund
  2019 | D:2      | Found an opulent altar of Gozag.
  2283 | D:2      | Reached XP level 4. HP: 27/27 MP: 9/12
  2309 | D:2      | Learned a level 3 spell: Static Discharge
  2796 | D:3      | Found an iron altar of Okawaru.
  2931 | D:3      | Found a glowing drain.
  3027 | Sewer    | Entered a sewer
  3227 | Sewer    | Reached XP level 5. HP: 26/31 MP: 8/15
  3288 | Sewer    | Learned a level 3 spell: Flight
  3309 | Sewer    | Reached skill level 5 in Air Magic
  4097 | Sewer    | Noticed a giant frog
  4169 | Sewer    | Killed a giant frog
  4169 | Sewer    | Reached XP level 6. HP: 36/36 MP: 11/18
  4208 | Sewer    | Noticed a giant frog
  4211 | Sewer    | Killed a giant frog
  4735 | D:3      | Reached skill level 6 in Air Magic
  5061 | D:2      | Noticed Crazy Yiuf
  5089 | D:2      | Killed Crazy Yiuf
  5094 | D:2      | Gained mutation: You are weak. (Str -2) [potion of mutation]
  5094 | D:2      | Gained mutation: Armour fits poorly on your strangely shaped body. [potion of mutation]
  5094 | D:2      | Gained mutation: You expend magic power (3 MP) to slightly strengthen your wands. [potion of mutation]
  5128 | D:2      | Gained mutation: You passively map a small area around you. [potion of mutation]
  5128 | D:2      | Gained mutation: You are frail (-10% HP). [potion of mutation]
  5128 | D:2      | Gained mutation: Your body is slowly deteriorating. [potion of mutation]
  5129 | D:2      | Quit the game

Action                   |  1- 3 |  4- 6 || total
-------------------------+-------+-------++-------
Melee: Short sword       |    12 |    22 ||    34
 Cast: Shock             |    91 |   185 ||   276
       Repel Missiles    |     1 |       ||     1
       Static Discharge  |       |     5 ||     5
       Swiftness         |       |     1 ||     1
  Use: Scroll            |       |    13 ||    13
       Potion            |       |     5 ||     5
  Eat: Chunk             |     4 |    18 ||    22
